 Dungeon Crawl Stone Soup version 0.26-a0-507-g0ae5976 (webtiles) character file.

Game seed: 2718744497476469979

63414 wrshamilton the Alchemist (level 14, -1/122 HPs)
             Began as a Demigod Transmuter on Aug 9, 2020.
             Slain by an ogre
             ... wielding a +0 giant club
              (9 damage)
             ... on level 1 of the Orcish Mines.
             The game lasted 03:40:28 (34113 turns).

wrshamilton the Alchemist (Demigod Transmuter)     Turns: 34113, Time: 03:40:29

Health: -1/122     AC: 18    Str: 19    XL:     14   Next: 30%
Magic:  0/25       EV: 11    Int: 25    God:
Gold:   1650       SH:  0    Dex: 16    Spells: 5/23 levels left

rFire    + + .     SeeInvis .     - Unarmed
rCold    + . .     Faith    .   (shield currently unavailable)
rNeg     . . .     Spirit   +   C - +5 chain mail {rF+}
rPois    +         Reflect  .   x - +2 helmet
rElec    .         Harm     .   F - scarf {rC+ rF+}
rCorr    .                      (gloves currently unavailable)
MR       +....                  (no boots)
Stlth    ..........             J - amulet of guardian spirit
HPRegen  0.30/turn              L - +6 ring of intelligence
MPRegen  0.19/turn              Q - ring of poison resistance

@: blade hands, wereblooded
A: high mp 1
a: End Transformation


You were on level 1 of the Orcish Mines.
You had blades for hands.
You visited 3 branches of the dungeon, and saw 19 of its levels.
You also visited: Sewer and Volcano.

You collected 1650 gold pieces.

Inventory:

Hand Weapons
 a - the +8 whip "Snakebite" (melded) {curare, rPois}
   (You found it on level 3 of the Lair of Beasts)

   It poisons the flesh of those it strikes.
   It protects you from poison.
 b - a +4 arbalest of flaming
 p - the +5 battleaxe of the Maze {flame, Int+3}
   (You found it on level 4 of the Lair of Beasts)

   It has been specially enchanted to burn those struck by it, causing extra
   injury to most foes and up to half again as much damage against particularly
   susceptible opponents.
   Big, fiery blades are also staple armaments of hydra-hunters.
   It affects your intelligence (+3).
Missiles
 n - 85 bolts
Armour
 f - a +2 plate armour of magic resistance
 q - a +0 buckler of protection (melded)
 s - +0 fire dragon scales
 u - a +2 pair of gloves of archery (melded)
 x - a +2 helmet (worn)
 A - a +1 leather armour of poison resistance
 C - a +5 chain mail of fire resistance (worn)
 F - a scarf of resistance (worn)
Magical Staves
 P - an uncursed staff of cold
Jewellery
 J - an amulet of guardian spirit (around neck)
 K - a +6 ring of strength
 L - a +6 ring of intelligence (left scythe-like blade)
 O - an uncursed ring of stealth
 Q - a ring of poison resistance (right scythe-like blade)
 U - an uncursed ring of fire
Wands
 e - a wand of acid (12)
 k - a wand of enslavement (11)
 w - a wand of flame (43)
 H - a wand of paralysis (15)
 N - a wand of iceblast (4)
Scrolls
 g - 3 scrolls of teleportation
 j - 5 scrolls of remove curse
 l - 5 scrolls of fog
 o - 2 scrolls of identify
 y - 3 scrolls of blinking
 B - a scroll of torment
 E - a scroll of amnesia
Potions
 d - 7 potions of curing
 h - 4 potions of lignification
 m - 2 potions of haste
 t - 3 potions of might
 v - 4 potions of ambrosia
 z - 2 potions of magic
 I - 2 potions of mutation
 M - a potion of heal wounds
 T - a potion of brilliance
Miscellaneous
 r - a condenser vane (4/4)


   Skills:
 * Level 10.5 Fighting
 - Level 1.0 Axes
 - Level 0.2 Crossbows
 - Level 7.0 Armour
 - Level 6.0 Dodging
 - Level 0.1 Stealth
 - Level 4.0 Shields
 + Level 10.9 Unarmed Combat
 - Level 5.0 Spellcasting
 - Level 15.0 Transmutations
 - Level 2.0 Poison Magic
 - Level 0.6 Evocations


You had 5 spell levels left.
You knew the following spells:

 Your Spells              Type           Power        Failure   Level
a - Beastly Appendage     Tmut           ######       8%          1
b - Wereblood             Tmut           ######..     10%         2
c - Spider Form           Tmut/Pois      #####.....   38%         3
d - Blade Hands           Tmut           ######....   30%         5
e - Blink                 Tloc           N/A          97%         2
f - Magic Dart            Conj           #...         91%         1
g - Ice Form              Ice/Tmut       #####...     77%         4

Your spell library contained the following spells:

 Spells                   Type           Power        Failure   Level
 Petrify                  Tmut/Erth      #####...     77%         4
 Alistair's Intoxication  Tmut/Pois      #####....    89%         5
 Apportation              Tloc           #.....       91%         1
 Corona                   Hex            #......      91%         1
 Poisonous Vapours        Pois/Air       ##....       91%         2
 Yara's Violent Unravell  Hex/Tmut       #####.....   95%         5
 Call Imp                 Summ           #.......     97%         2
 Ensorcelled Hibernation  Hex/Ice        #.....       97%         2
 Slow                     Hex            #.......     97%         2
 Confusing Touch          Hex            #.......     99%         3
 Conjure Flame            Conj/Fire      #.......     99%         3
 Dazzling Flash           Conj/Hex       #.....       99%         3
 Gell's Gravitas          Tloc           #.........   99%         3
 Lesser Beckoning         Tloc           #.........   99%         3
 Mephitic Cloud           Conj/Pois/Air  #.......     99%         3
 Portal Projectile        Hex/Tloc       #.....       99%         3
 Tukima's Dance           Hex            #.......     99%         3
 Metabolic Englaciation   Hex/Ice        #.........   100%        5
 Dispersal                Tloc           #.........   100%        6
 Freezing Cloud           Conj/Ice/Air   #.........   100%        6
 Invisibility             Hex            #.......     100%        6
 Controlled Blink         Tloc           N/A          100%        8
 Disjunction              Tloc           #.........   100%        8


Dungeon Overview and Level Annotations

Branches:
Dungeon (11/15)            Temple (0/1) D:4            Lair (6/6) D:11
 Shoals (0/4) Lair:2        Snake (0/4) Lair:2        Slime (0/5) Lair:6
    Orc (2/2) D:10          Sewer (visited)         Volcano (visited)
    Elf: Orc:2

Annotations:
D:1 exclusion: downstairs
D:7 2 transporters
D:8 2 transporters
D:9 Gastronok
D:10 Maurice


Innate Abilities, Weirdness & Mutations

You have an increased reservoir of magic. (+10% MP)


Message History

You completely miss the ogre. The ogre closely misses you.
You slash the ogre!
The ogre is heavily wounded.
The ogre misses you. The ogre hits you but does no damage.
The ogre closely misses you. The ogre barely misses you.
You slice the ogre!!
You kill the ogre!
The ogre hits you with a +0 giant club!
You slash the ogre!
The ogre is heavily wounded.
The ogre hits you with a +0 giant club!!
* * * LOW HITPOINT WARNING * * *
The ogre hits you with a +0 giant club.
* * * LOW HITPOINT WARNING * * *
You hit the ogre.
The ogre is heavily wounded.
The ogre hits you with a +0 giant club!
* * * LOW HITPOINT WARNING * * *
The ogre hits you with a +0 giant club!
You die...

...........##....#......#
#...............#.......##
.........................#
#.......................##
.......................##
#......................##
......................#.##
......#.......[).O.......#
..#..)#........)@O......##
...........#..).O#.....##
...#...[.....)).).......##
...#..).....)...[........###
#.###.<)...........#.....#.##
##.#......#.................#
.......#.###...............##
.(......###...............##
#...#....#.............####


You could see 3 ogres.

Vanquished Creatures
  Rupert (Lair:6)
  A stone giant (D:10)
  A red draconian (Volcano)
  Snorg (Lair:4)
  The ghost of Ipsec the Cruncher, a journeyman DsIE (Lair:2)
  A fire dragon (Lair:6)
  Fannar (D:10)
  Erolcha (D:9)
  A centaur warrior (Volcano)
  4 hydras
  9 two-headed ogres
  An ogre mage (Orc:1)
  3 death yaks
  A lindwurm (Lair:6)
  An orc sorcerer (D:10)
  2 ugly things
  A cyclops (D:11)
  11 black mambas
  3 centaur zombies
  3 molten gargoyles
  7 elephants
  An ice statue (Lair:3)
  9 cane toads
  A gargoyle (Volcano)
  Maggie (D:7)
  A yaktaur (Volcano)
  8 komodo dragons
  An ice devil (Lair:3)
  2 trolls (D:10)
  A tyrant leech (Lair:5)
  A hornet (D:10)
  17 blink frogs
  6 hippogriffs
  A meliai zombie (D:11)
  A shadow (D:10)
  6 fire bats (Volcano)
  5 wyverns
  A vampire (D:9)
  A wraith (D:11)
  46 yaks
  8 basilisks
  2 vampire mosquitoes (D:11)
  2 swamp worms (Lair:5)
  A warg (Orc:1)
  3 nagas (Lair:2)
  3 hell hounds (Lair:6)
  5 porcupines
  14 water moccasins
  10 orc warriors
  3 sky beasts
  An eye of draining (D:10)
  12 ogres
  5 black bears
  2 phantoms (D:10)
  9 ice beasts
  A necrophage (D:11)
  4 wolves (Lair:6)
  17 centaurs
  9 crocodiles
  A big kobold (D:10)
  18 bullfrogs
  A scorpion (D:4)
  A wyvern skeleton (D:7)
  10 killer bees
  A troll zombie (D:10)
  11 wights
  3 howler monkeys
  5 hounds
  12 lava snakes
  A quasit (D:9)
  7 orc priests
  A jelly (D:5)
  11 orc wizards
  3 centaur skeletons
  A bullfrog skeleton (D:8)
  7 iguanas
  A killer bee zombie (D:5)
  9 worker ants
  5 ogre zombies (D:10)
  A hound zombie (D:6)
  A hound skeleton (D:5)
  A worker ant zombie (D:11)
  17 adders
  A shadow imp (D:5)
  8 white imps
  An ufetubus (D:4)
  3 oozes
  An adder zombie (D:6)
  2 adder skeletons
  2 worms (D:4)
  A dart slug (D:3)
  11 leopard geckos
  49 orcs
  12 giant cockroaches
  8 goblins
  8 hobgoblins
  7 jackals
  6 quokkas
  5 ball pythons
  6 bats
  7 frilled lizards
  A goblin zombie (D:10)
  2 hobgoblin skeletons (D:10)
  2 hobgoblin zombies (D:10)
  13 kobolds
  A leopard gecko zombie (D:5)
  An orc skeleton (D:10)
  13 orc zombies (D:10)
  A quokka skeleton (D:4)
  16 rats
  A plant (Lair:4)
594 creatures vanquished.

Vanquished Creatures (others)
  2 fungi
  3 plants (Lair:5)
5 creatures vanquished.

Grand Total: 599 creatures vanquished

Notes
Turn   | Place    | Note
-------+----------+-------------------------------------------
     0 | D:1      | wrshamilton the Demigod Transmuter began the quest for the
                  | Orb.
     0 | D:1      | Reached XP level 1. HP: 15/15 MP: 5/5
   119 | D:1      | Reached skill level 1 in Fighting
   285 | D:1      | Reached XP level 2. HP: 23/23 MP: 7/7
   616 | D:1      | Reached skill level 2 in Transmutations
   620 | D:1      | Learned a level 2 spell: Wereblood
  1392 | D:2      | Reached XP level 3. HP: 27/29 MP: 8/8
  1397 | D:2      | Learned a level 3 spell: Spider Form
  1541 | D:2      | Noticed a centaur
  2052 | D:3      | Reached skill level 1 in Poison Magic
  2647 | D:3      | Reached XP level 4. HP: 36/36 MP: 9/9
  3447 | D:3      | Reached skill level 1 in Axes
  3447 | D:3      | Reached skill level 3 in Transmutations
  3687 | D:3      | Reached XP level 5. HP: 28/41 MP: 8/10
  4581 | D:4      | Found a burning altar of Makhleb.
  4587 | D:4      | Reached XP level 6. HP: 46/50 MP: 9/11
  4723 | D:4      | Found a staircase to the Ecumenical Temple.
  5100 | D:3      | Found a white marble altar of Elyvilon.
  5507 | D:4      | Reached skill level 4 in Transmutations
  5676 | D:5      | Entered Level 5 of the Dungeon
  5722 | D:5      | Reached XP level 7. HP: 50/57 MP: 11/13
  5806 | D:5      | Found a stormy altar of Qazlal.
  5809 | D:5      | Found a shattered altar of Ashenzari.
  6083 | D:5      | Reached skill level 5 in Unarmed Combat
  7046 | D:5      | Found a hazy altar of Hepliaklqana.
  7047 | D:5      | Found a shimmering altar of Xom.
  7048 | D:5      | Noticed a spectral ugly thing
  7091 | D:6      | Found a sparkling altar of Nemelex Xobeh.
  7152 | D:6      | Found a glowing drain.
  7161 | Sewer    | Entered a sewer
  7602 | D:6      | Reached skill level 5 in Transmutations
  7631 | D:6      | Reached XP level 8. HP: 67/67 MP: 12/14
  8785 | D:6      | Reached skill level 5 in Fighting
  9315 | D:6      | Found an ancient bone altar of Kikubaaqudgha.
 10308 | D:7      | Found a bloodstained altar of Trog.
 10315 | D:7      | Reached XP level 9. HP: 73/74 MP: 11/15
 10418 | D:7      | Found a transporter.
 10420 | D:7      | Noticed a kobold demonologist
 10435 | D:7      | Found a transporter.
 10445 | D:7      | Noticed a kobold demonologist
 10524 | D:7      | Noticed Maggie
 10542 | D:7      | Reached skill level 6 in Transmutations
 11042 | D:7      | Killed Maggie
 11094 | D:7      | Learned a level 5 spell: Blade Hands
 11310 | D:7      | Found an ornate altar of the Wu Jian Council.
 11508 | D:8      | Noticed an orc knight
 11510 | D:8      | Found a roughly hewn altar of Beogh.
 11639 | D:8      | Found an iron altar of Okawaru.
 12084 | D:8      | Found a sacrificial altar of Ru.
 12304 | D:8      | Found a transporter.
 12304 | D:8      | Found a transporter.
 13032 | D:9      | Reached skill level 7 in Transmutations
 13038 | D:9      | Reached skill level 5 in Dodging
 13136 | D:9      | Reached XP level 10. HP: 34/84 MP: 14/16
 13376 | D:9      | Found a bloodstained altar of Trog.
 13762 | D:9      | Got a jewelled scale mail
 13790 | D:9      | Identified the cursed +0 scale mail of Complete Protection
                  | {rElec rCorr Stlth+} (You found it on level 9 of the
                  | Dungeon)
 13856 | D:9      | Noticed Gastronok
 13967 | D:9      | Learned a level 2 spell: Blink
 14201 | D:9      | Noticed a two-headed ogre
 14288 | D:9      | Noticed Erolcha
 14306 | D:9      | Killed Erolcha
 14606 | D:10     | Entered Level 10 of the Dungeon
 14706 | D:10     | Noticed a two-headed ogre
 14836 | D:9      | Killed a two-headed ogre
 14836 | D:9      | Reached skill level 8 in Transmutations
 15495 | D:10     | Learned a level 1 spell: Magic Dart
 15767 | D:10     | Noticed an orc sorcerer
 15787 | D:10     | Killed an orc sorcerer
 15812 | D:10     | Found a staircase to the Orcish Mines.
 16152 | D:10     | Noticed a six-headed hydra
 16350 | D:9      | Killed a two-headed ogre
 16350 | D:9      | Reached XP level 11. HP: 95/95 MP: 13/22
 16782 | D:10     | Killed a six-headed hydra
 16782 | D:10     | Reached skill level 1 in Armour
 16782 | D:10     | Reached skill level 5 in Spellcasting
 17607 | D:11     | Noticed a two-headed ogre
 17931 | D:11     | Found a glowing golden altar of the Shining One.
 18682 | D:11     | Killed a two-headed ogre
 18758 | D:11     | Found a staircase to the Lair.
 19351 | D:11     | Reached skill level 5 in Armour
 19797 | D:11     | Noticed a two-headed ogre
 19802 | D:11     | Killed a two-headed ogre
 20008 | D:11     | Reached skill level 9 in Transmutations
 21157 | Lair:1   | Entered Level 1 of the Lair of Beasts
 21294 | Lair:1   | Found a dark tunnel.
 21303 | Volcano  | Entered a volcano
 22019 | Volcano  | Found a radiant altar of Vehumet.
 22019 | Volcano  | Noticed a centaur warrior
 22022 | Volcano  | Reached skill level 10 in Transmutations
 22022 | Volcano  | Reached XP level 12. HP: 88/104 MP: 18/23
 22026 | Volcano  | Killed a centaur warrior
 22462 | Volcano  | Noticed a red draconian
 22480 | Volcano  | Killed a red draconian
 23119 | Lair:1   | Reached skill level 11 in Transmutations
 24329 | Lair:2   | Found a staircase to the Snake Pit.
 24633 | Lair:2   | Reached skill level 12 in Transmutations
 24987 | Lair:2   | Found a staircase to the Shoals.
 25082 | Lair:2   | Found a large runed translucent door.
 25083 | Lair:2   | Found a large runed translucent door.
 25084 | Lair:2   | Noticed Ipsec's ghost (journeyman DsIE)
 25101 | Lair:2   | Killed Ipsec's ghost
 25593 | Lair:3   | Noticed an eight-headed hydra
 25601 | Lair:3   | Killed an eight-headed hydra
 25999 | Lair:3   | Found the +8 whip "Snakebite" {curare, rPois}
 26124 | Lair:3   | Reached skill level 13 in Transmutations
 26417 | Lair:3   | Reached XP level 13. HP: 111/111 MP: 21/24
 26481 | Lair:3   | Learned a level 4 spell: Ice Form
 27243 | Lair:4   | Reached skill level 14 in Transmutations
 27392 | Lair:4   | Got a bloodstained battleaxe
 27475 | Lair:4   | Reached skill level 1 in Shields
 28099 | Lair:4   | Noticed Snorg
 28117 | Lair:4   | Killed Snorg
 28818 | Lair:5   | Identified the +5 battleaxe of the Maze {flame, Int+3} (You
                  | found it on level 4 of the Lair of Beasts)
 29797 | Lair:6   | Entered Level 6 of the Lair of Beasts
 29834 | Lair:6   | Noticed Rupert
 29994 | Lair:6   | Reached skill level 15 in Transmutations
 30163 | Lair:6   | Found a staircase to the Slime Pits.
 30203 | Lair:6   | Killed Rupert
 31749 | Lair:6   | Reached XP level 14. HP: 119/119 MP: 22/25
 32121 | Lair:6   | Found a large runed translucent door.
 32122 | Lair:6   | Found a large runed translucent door.
 32213 | Lair:6   | Reached skill level 10 in Fighting
 32213 | Lair:6   | Reached skill level 10 in Unarmed Combat
 32517 | Orc:1    | Entered Level 1 of the Orcish Mines
 32517 | Orc:1    | Noticed Fannar
 32529 | D:10     | Killed Fannar
 32873 | Orc:1    | Noticed Maurice
 33740 | Orc:2    | Entered Level 2 of the Orcish Mines
 34113 | Orc:1    | Slain by an ogre

Illustrated notes

Levels and vault maps discovered:
D:1:      evilmike_arrival_rings, layout_basic
D:2:      layout_basic
D:3:      minmay_inner_zag, layout_basic, lemuel_coloured_pillars_altar
D:4:      layout_gridville, makhleb_heckhound_becter,
          minmay_temple_entry_drinking_statues, minivault_5
D:5:      layout_loops_ring, regret_index_temple_of_mockery,
          grunt_temple_overflow_open, guppyfry_early_orc_mine
D:6:      layout_cave_pods, nemelex_xobeh_ov_fountains_minmay,
          lemuel_crystal_altar, cheibrodos_sewer_entry_drain
D:7:      gammafunk_wand_slinger, layout_loops_cross,
          nicolae_overflow_crystal_walls, trog_book, uniq_maggie
D:8:      gammafunk_beogh_shrine, layout_gridville, hangedman_ru_absence,
          kennysheep_mini_moat, eino_jars
D:9:      layout_loops_corners, lemuel_crystal_altar, due_unseen_surprise,
          uniq_gastronok, uniq_erolcha
D:10:     layout_cave_pods, zombieorc1_lemuel, minivault_23
D:11:     layout_layer_cave, david_lair_generic, basic_altar,
          hangedman_corner_corridor
Lair:1:   layout_long_grid, enter_volcano_1, beast_lair_carwin_9
Lair:2:   layout_gridlike, elwin_shoals_entry_rocks,
          guppyfry_snake_entry_island, ebering_ghost_disaster_area,
          lemuel_fruit_fields, serial_bayou_shore_b
Lair:3:   minmay_guarded_unrand_snakebite, layout_big_grid, ice2_lemuel
Lair:4:   layout_regular_city, grunt_megastairs_2, infiniplex_staircase_pool_2,
          lemuel_fruit_fields, uniq_snorg
Lair:5:   layout_gridlike, worms_lemuel
Lair:6:   cheibrodos_lair_end_hotspot, layout_cave_shapes, slime_dummy,
          chequers_serial_rivers_micro_a, minivault_24, serial_bayou_shore_b,
          infiniplex_staircase_pool, uniq_rupert
Orc:1:    layout_caves, enter_bailey_2, uniq_maurice, uniq_fannar, uniq_erica
Orc:2:    st_orc_ogre_mass, layout_caves, basic_altar,
          minmay_shop_enchanted_jewellery

Skill      XL: |  1  2  3  4  5  6  7  8  9 10 11 12 13 14 |
---------------+-------------------------------------------+-----
Fighting       | 1 2 3 4 5 6 8 9 10 | 10.5
Unarmed Combat | 3 4 5 7 8 9 10 | 10.9
Spellcasting   | 2 4 5 |  5.0
Transmutations | 2 3 4 5 7 8 10 13 15 | 15.0
Poison Magic   | 1 2 |  2.0
Axes           | 1 |  1.0
Dodging        | 5 6 |  6.0
Armour         | 6 7 |  7.0
Shields        | 4 |  4.0
Crossbows      | |  0.2
Stealth        | |  0.1
Evocations     | |  0.6

Action                   |  1- 3 |  4- 6 |  7- 9 | 10-12 | 13-15 || total
-------------------------+-------+-------+-------+-------+-------++-------
Melee: Unarmed           |   136 |    89 |   377 |   674 |   310 ||  1586
       Headbutt          |    13 |    14 |    28 |     5 |     1 ||    61
       Kick              |    19 |    18 |    41 |     8 |     1 ||    87
       Punch             |     2 |     3 |    13 |    31 |    17 ||    66
       Whip              |       |       |       |       |   156 ||   156
 Fire: Hunting sling     |    45 |    83 |     8 |       |       ||   136
       Shortbow          |       |       |    62 |    10 |       ||    72
       Arbalest          |       |       |       |    42 |    43 ||    85
Throw: Dart              |       |    18 |    21 |       |       ||    39
       Javelin           |       |     2 |       |       |       ||     2
 Cast: Beastly Appendage |    14 |    14 |    24 |     4 |     1 ||    57
       Wereblood         |     3 |       |     7 |    11 |    13 ||    34
       Spider Form       |       |       |    10 |     1 |       ||    11
       Blade Hands       |       |       |       |    77 |    38 ||   115
       Magic Dart        |       |       |       |    47 |     7 ||    54
       Ice Form          |       |       |       |       |     1 ||     1
 Abil: End Transformatio |       |       |       |     1 |     3 ||     4
Evoke: Wand              |       |       |    37 |    13 |     5 ||    55
       Condenser vane    |       |       |       |       |     3 ||     3
  Use: Scroll            |     6 |     4 |    15 |    16 |     6 ||    47
       Potion            |       |     1 |    10 |     6 |     3 ||    20
 Stab: Sleeping          |     1 |       |       |     1 |       ||     2
       Paralysed         |       |       |     6 |       |       ||     6
       Confused          |       |       |       |       |     3 ||     3
Armor: Robe              |    32 |    18 |    27 |    23 |       ||   100
       Leather armour    |       |       |    34 |    22 |       ||    56
       Acid dragon scale |       |       |    21 |    94 |       ||   115
       Skin              |       |       |     3 |       |       ||     3
       Troll leather arm |       |       |       |    20 |       ||    20
       Chain mail        |       |       |       |    98 |   227 ||   325
       Fire dragon scale |       |       |       |       |     4 ||     4
Dodge: Dodged            |    89 |    37 |   239 |   488 |   234 ||  1087
Block: Buckler           |       |       |       |       |    36 ||    36

Table legend: (Time is in decaauts)
 A = Elapsed time spent in this place.
 B = Non-inter-level travel time spent in this place.
 C = Inter-level travel time spent in this place.
 D = Time resting spent in this place.
 E = Time spent auto-exploring this place.
 F = Levels seen in this place.
 G = Mean time per level.
                   A        B        C        D        E       F      G
               +--------+--------+--------+--------+--------+-----+--------+
         Total |  34077 |  32377 |   1700 |  11289 |  12278 |  21 | 1622.7 |
       Dungeon |  21711 |  20373 |   1338 |   6941 |   7973 |  11 | 1973.7 |
          Lair |   9995 |   9652 |    343 |   3279 |   4035 |   6 | 1665.8 |
  Orcish Mines |    691 |    673 |     18 |    266 |    216 |   2 |  345.5 |
         Sewer |    469 |    469 |      0 |     54 |     53 |   1 |  469.0 |
       Volcano |   1210 |   1210 |      0 |    748 |      0 |   1 | 1210.0 |
               +--------+--------+--------+--------+--------+-----+--------+

Top non-repeatable levels by time:
    D:10: 4230 daAuts
    D:11: 2572 daAuts
     D:9: 2521 daAuts
     D:3: 2270 daAuts
  Lair:6: 2171 daAuts
     D:6: 2149 daAuts
  Lair:4: 1952 daAuts
     D:4: 1900 daAuts
  Lair:1: 1661 daAuts
  Lair:5: 1613 daAuts
  Lair:2: 1437 daAuts
     D:8: 1420 daAuts
     D:1: 1234 daAuts
     D:5: 1225 daAuts
 Volcano: 1210 daAuts
